 Dungeon Crawl Stone Soup version 0.31-a0-844-gdc52ec4e09 (webtiles) character file.

Game seed: 7590896724504113857

30 randomguy2701 the Thaumaturge (level 3, -3/28 HPs)
             Began as a Gnoll Wanderer on Sept 30, 2023.
             Killed by divine providence
             ... invoked by an orc priest
              (12 damage)
             ... on level 2 of the Dungeon.
             The game lasted 00:02:16 (1166 turns).

randomguy2701 the Thaumaturge (Gnoll Wanderer)      Turns: 1166, Time: 00:02:17

Health: -3/28      AC:  4    Str: 10    XL:     3   Next: 18%
Magic:  13/13      EV: 11    Int: 15    God:
Gold:   89         SH:  0    Dex: 10    Spells: 19/20 levels left

rFire   . . .        a - +0 club
rCold   . . .        (no shield)
rNeg    . . .        c - +0 robe
rPois   .            d - +0 helmet
rElec   .            (no cloak)
rCorr   .            (no gloves)
SInv    +            j - +0 pair of boots
Will    .....        (no amulet)
Stlth   ++           g - ring of see invisible
HPRegen 0.24/turn    (no ring)
MPRegen 0.13/turn

%: no passive effects
@: no status effects
A: fangs 1, strong nose, distributed training
a: no special abilities


You were on level 2 of the Dungeon.
You visited 1 branch of the dungeon, and saw 2 of its levels.

You collected 89 gold pieces.

Inventory:

Hand Weapons
 a - a +0 club (weapon)
Armour
 c - a +0 robe (worn)
 d - a +0 helmet (worn)
 j - a +0 pair of boots (worn)
Jewellery
 g - a ring of see invisible (left hand)
Scrolls
 b - a scroll of silence
 f - a scroll of enchant weapon {unknown}
 i - 2 scrolls of identify {unknown}
 k - a scroll of enchant armour {unknown}
Potions
 e - 2 potions of enlightenment {unknown}
 h - a potion of berserk rage {unknown}


   Skills:
 + Level 2.6 Fighting
 + Level 0.7 Short Blades
 + Level 0.7 Long Blades
 + Level 0.7 Axes
 + Level 0.7 Maces & Flails
 + Level 0.7 Polearms
 + Level 0.7 Staves
 + Level 0.7 Ranged Weapons
 + Level 0.7 Throwing
 + Level 0.7 Armour
 + Level 0.7 Dodging
 + Level 4.1 Stealth
 + Level 0.7 Shields
 + Level 0.7 Unarmed Combat
 + Level 9.3 Spellcasting
 + Level 0.5 Conjurations
 + Level 0.5 Hexes
 + Level 5.4 Summonings
 + Level 0.5 Necromancy
 + Level 0.5 Translocations
 + Level 0.5 Transmutations
 + Level 0.5 Fire Magic
 + Level 0.5 Ice Magic
 + Level 0.5 Air Magic
 + Level 0.5 Earth Magic
 + Level 0.5 Poison Magic
 + Level 0.9 Invocations
 + Level 0.7 Evocations
 + Level 0.6 Shapeshifting


You had 19 spell levels left.
You knew the following spells:

 Your Spells              Type           Power      Damage    Failure   Level
a - Summon Small Mammal   Summ           92%        N/A       1%          1

Your spell library contained the following spells:

 Spells                   Type           Power      Damage    Failure   Level
 Freeze                   Ice            32%        1d5       9%          1
 Frozen Ramparts          Ice            16%        1d3       26%         3
 Animate Armour           Summ/Erth      30%        N/A       30%         4
 Summon Lightning Spire   Summ/Air       15%        N/A       30%         4


Dungeon Overview and Level Annotations

Branches:
Dungeon (2/15)

Altars:

Annotations:
D:2 1 runed translucent door, Crazy Yiuf, Natasha


Innate Abilities, Weirdness & Mutations

You have very sharp teeth.
Your uncanny sense of smell can sniff out nearby items.
Your experience applies equally to all skills.


Message History

No target in view!
No target in view!
You swap places.
Natasha, Servant of Life and Death comes into view.
Natasha is nearby!
Natasha is nearby!
Natasha is nearby!
A goblin comes into view. It is wielding a +0 club.
Your bat disappears in a puff of smoke!
An orc and an orc priest come into view.
Found a helmet.
Natasha hisses angrily.
You hear a shout!
An orc comes into view. It is wielding a +0 dagger.
The orc priest hits you with a +0 trident.
You hit the orc priest. You bite the orc priest.
The orc priest is lightly wounded.
Natasha barely misses you.
The orc priest hits you with a +0 trident.
Natasha wildly gestures.
Natasha glows brightly for a moment.
Natasha claws you.
Unknown command.
You swap places.
Your rat closely misses Natasha.
The orc priest hits you from afar with a +0 trident.
* * * LOW HITPOINT WARNING * * *
Something barely misses your rat.
Your rat closely misses Natasha.
Natasha claws your rat but does no damage.
Your rat bites Natasha.
Something hits your rat.
Your rat dies!
Your rat's corpse disappears in a puff of smoke!
Natasha barely misses your rat.
Your rat closely misses Natasha.
Natasha casts a spell at you. The magic dart hits your rat!
Your rat dies!
Your rat's corpse disappears in a puff of smoke!
Natasha casts a spell.
The orc priest invokes the aid of Beogh against you.
Beogh smites you!
You die...

### ♣.♣♣ ..# ♣♣.♣ #.###
#o# # ♣.♣♣
#.....##h##.# ♣♣.♣ ###
#.[.o.§...# ♣..♣♣♣ #..
#.##.#.#### ♣....♣ #
#.# #o#o# ##..## #.#.#
.#..######....####...#
.###..@.......).......<
..
#..####.............#
.#∆#.#.#
#####...#...#.. #.
#.#.# #...####### . #.#
#...# # .. #.# #...# #
g. ..# #######.########
.. ..............##
..#####>#####.##


You could see an orc priest.

Vanquished Creatures
  An endoplasm (D:2)
  A giant cockroach (D:1)
  3 hobgoblins
  2 jackals (D:1)
  A kobold (D:1)
  A quokka (D:1)
  A ball python (D:1)
  3 bats (D:1)
  A frilled lizard (D:1)
  3 goblins
  4 rats
21 creatures vanquished.

Vanquished Creatures (collateral kills)
  A dart slug (D:2)
  A jackal (D:1)
  2 bats
  A frilled lizard (D:1)
  A kobold (D:1)
  A rat (D:2)
7 creatures vanquished.

Grand Total: 28 creatures vanquished

Notes
Turn   | Place    | Note
-------+----------+-------------------------------------------
     0 | D:1      | Reached skill level 9 in Spellcasting
     0 | D:1      | randomguy2701 the Gnoll Wanderer began the quest for the
                  | Orb.
     0 | D:1      | randomguy2701 set off with the following items: a +0 club,
                  | a scroll of silence, a +0 robe, a +0 helmet; and the
                  | following spells available to memorise: Summon Small
                  | Mammal, Freeze, Frozen Ramparts, Animate Armour, Summon
                  | Lightning Spire.
     0 | D:1      | Reached XP level 1. HP: 17/17 MP: 10/10
     2 | D:1      | Learned a level 1 spell: Summon Small Mammal
   484 | D:1      | Reached XP level 2. HP: 10/23 MP: 9/12
   911 | D:2      | Reached XP level 3. HP: 21/28 MP: 13/13
  1119 | D:2      | Found a runed translucent door.
  1120 | D:2      | Noticed Crazy Yiuf
  1155 | D:2      | Noticed Natasha
  1166 | D:2      | Killed from afar by an orc priest

Illustrated notes

Levels and vault maps discovered:
D:1:      giann_wishing_wells, layout_loops_cross
D:2:      layout_loops_cross, uniq_natasha, uniq_crazy_yiuf_cottage, uniq_robin

Skill      XL: | |
---------------+-+-----
Spellcasting   | |  9.3
Fighting       | |  2.6
Short Blades   | |  0.7
Long Blades    | |  0.7
Axes           | |  0.7
Maces & Flails | |  0.7
Polearms       | |  0.7
Staves         | |  0.7
Ranged Weapons | |  0.7
Throwing       | |  0.7
Armour         | |  0.7
Dodging        | |  0.7
Stealth        | |  4.1
Shields        | |  0.7
Unarmed Combat | |  0.7
Conjurations   | |  0.5
Hexes          | |  0.5
Summonings     | |  5.4
Necromancy     | |  0.5
Translocations | |  0.5
Transmutations | |  0.5
Fire Magic     | |  0.5
Ice Magic      | |  0.5
Air Magic      | |  0.5
Earth Magic    | |  0.5
Poison Magic   | |  0.5
Invocations    | |  0.9
Evocations     | |  0.7
Shapeshifting  | |  0.6

Action                     || total
---------------------------++-------
  Melee: Club              ||   104
         Punch             ||     3
         Bite              ||     8
   Cast: Summon Small Mamm ||    31
   Stab: Sleeping          ||     5
 Armour: Robe              ||    94
  Dodge: Dodged            ||   103

Table legend: (Time is in decaauts)
 A = Elapsed time spent in this place.
 B = Non-inter-level travel time spent in this place.
 C = Inter-level travel time spent in this place.
 D = Time resting spent in this place.
 E = Time spent auto-exploring this place.
 F = Levels seen in this place.
 G = Mean time per level.
                   A        B        C        D        E       F      G
               +--------+--------+--------+--------+--------+-----+--------+
         Total |   1194 |   1187 |      7 |      0 |    901 |   2 |  597.0 |
       Dungeon |   1194 |   1187 |      7 |      0 |    901 |   2 |  597.0 |
               +--------+--------+--------+--------+--------+-----+--------+

Top non-repeatable levels by time:
     D:1: 925 daAuts
     D:2: 269 daAuts
